 Dungeon Crawl Stone Soup version 0.17.1-3-g152610e (webtiles) character file.

101 juanjsm the Stinger (level 4, 0/21 HPs)
             Began as a Spriggan Venom Mage on Apr 27, 2016.
             Succumbed to a scorpion's poison
             ... on level 4 of the Dungeon.
             The game lasted 00:15:00 (2857 turns).

juanjsm the Stinger (Spriggan Venom Mage)           Turns: 2857, Time: 00:15:00

Health: 0/21       AC:  6    Str:  4    XL:     4   Next: 48%
Magic:  1/10       EV: 19    Int: 17    God:
Gold:   100        SH:  6    Dex: 20    Spells: 3 memorised, 4 levels left

rFire  . . .     SeeInvis +     d - +0 dagger
rCold  . . .     Clarity  .     a - +0 robe
rNeg   . . .     SustAt   .     v - +0 buckler of Ashidwex {Dex+4} (curse)
rPois  .         Gourm    .     (helmet restricted)
rElec  .         Spirit   .     (no cloak)
rCorr  .         Warding  .     (gloves unavailable)
rMut   .         Stasis   .     (boots unavailable)
MR     .....                    (no amulet)
Stlth  +++.......               (no ring)
                                o - +4 ring of protection

@: lethally poisoned (0 -> -12), very quick, not resistant to hostile
enchantments, fairly stealthy
A: unfitting armour, see invisible, herbivore 3, speed 3, slow metabolism 2
a: no special abilities


You were on level 4 of the Dungeon.
You were not hungry.

You visited 1 branch of the dungeon, and saw 5 of its levels.

You collected 100 gold pieces.

Inventory:

Hand Weapons
 d - a +0 dagger (weapon)
 m - a +3 whip
 x - a +0 hunting sling
Missiles
 h - 88 stones (quivered)
 n - 48 sling bullets
Armour
 a - a +0 robe (worn)
 v - the cursed +0 buckler of Ashidwex (worn) {Dex+4}
   (You found it on level 2 of the Dungeon)

   It affects your dexterity (+4).
   It has a curse placed upon it.
Jewellery
 o - a +4 ring of protection (left hand)
Scrolls
 e - 5 scrolls of identify {unknown}
 f - a scroll of immolation {unknown}
 j - a scroll of amnesia {unknown}
 k - a scroll of enchant armour {unknown}
 p - 2 scrolls of remove curse {unknown}
 q - a scroll of fear {unknown}
 r - a scroll of recharging {unknown}
 w - a scroll of teleportation {unknown}
Potions
 g - a potion of agility {unknown}
 i - 2 potions of lignification {unknown}
 l - a potion of curing {unknown}
 s - 2 potions of might {unknown}
 t - a potion of heal wounds {unknown}
Books
 b - a Young Poisoner's Handbook

   Spells                             Type                      Level
   a - Sting                          Conjuration/Poison           1
   b - Cure Poison                    Poison                       2
   c - Mephitic Cloud                 Conjuration/Poison/Air       3
   d - Olgreb's Toxic Radiance        Poison                       4
   e - Venom Bolt                     Conjuration/Poison           5
Comestibles
 c - 3 bread rations
 u - a slice of pizza


   Skills:
 * Level 4.0 Dodging
 * Level 3.9 Stealth
 * Level 0.3 Shields
 * Level 3.6 Spellcasting
 * Level 1.3 Conjurations
 + Level 4.2 Poison Magic


You had 4 spell levels left.
You knew the following spells:

 Your Spells              Type           Power        Failure   Level  Hunger
a - Sting                 Conj/Pois      ##..         10%         1    None
b - Cure Poison           Pois           ###.......   10%         2    ##.....
c - Mephitic Cloud        Conj/Pois/Air  #.......     38%         3    ###....


Dungeon Overview and Level Annotations

Branches:
Dungeon (5/15)
 Temple: D:4-7

Altars:

Annotations:
D:4 Menkaure; Zhenya25pyc's ghost, amateur GrFi


Innate Abilities, Weirdness & Mutations

You are tiny and cannot use many weapons and most armour.
You have supernaturally acute eyesight.
You are a herbivore.
You cover ground extremely quickly.
You need consume almost no food.


Message History

The scorpion is severely wounded.
* * * LOW HITPOINT WARNING * * *
You feel sick. You block the scorpion's attack.
* * * LOW HITPOINT WARNING * * *
You feel sick.
* * * LOW HITPOINT WARNING * * *
You feel sick.
* * * LOW HITPOINT WARNING * * *
You feel sick.
* * * LOW HITPOINT WARNING * * *
You feel sick.
* * * LOW HITPOINT WARNING * * *
You feel sick.
* * * LOW HITPOINT WARNING * * *
You feel sick.
Casting: Sting
Confirm with . or Enter, or press ? or * to list all spells.
You don't have enough magic to cast that spell.
Unknown command.
You die...

#.## #.# #.#..####.## ###.# ##.#
#.# #.###.....## #.#
##.#####.######.####..#..# #.##
................##...##..# ##.#
.....###..#####.......#..####
#.# ..#..# ##.#
##......#.....###.. ..#..# #.#
#.###....###...... .###.## #.##
#..##....# ###.... .#
#..###..#####@.##...## #..##
####........##..........#####.##
..#..####........###.........##
.....## #....##..# #.....)...#
.###..###...####.# ##.#......#
.# ##.##....# #s# ##........# .#
##.....## #.###.........# ## ..#
##....# #..#..#....##.....
...####.)..#
###....###...#..###.


You could see a scorpion.

Vanquished Creatures
  A hound (D:4)
  2 adders (D:3)
  An ooze (D:3)
  2 worms
  4 orcs (D:3)
  2 ball pythons
  2 bats
  4 hobgoblins
  A quokka (D:3)
  2 giant cockroaches
  6 giant newts
  6 goblins
  7 kobolds
  4 rats
44 creatures vanquished.

Notes
Turn   | Place    | Note
--------------------------------------------------------------
     0 | D:1      | juanjsm the Spriggan Venom Mage began the quest for the Orb.
     0 | D:1      | Reached XP level 1. HP: 9/9 MP: 5/5
   541 | D:2      | Reached XP level 2. HP: 1/13 MP: 0/6
   545 | D:2      | Learned a level 2 spell: Cure Poison
  1337 | D:2      | Got a bloodstained buckler
  1343 | D:2      | Identified the cursed +0 buckler of Ashidwex {Dex+4} (You found it on level 2 of the Dungeon)
  1993 | D:3      | Reached XP level 3. HP: 16/16 MP: 0/8
  1998 | D:3      | Learned a level 3 spell: Mephitic Cloud
  2380 | D:3      | Reached skill level 1 in Conjurations
  2451 | D:3      | Reached XP level 4. HP: 14/21 MP: 7/9
  2621 | D:5      | Entered Level 5 of the Dungeon
  2769 | D:4      | Noticed Menkaure
  2782 | D:4      | Noticed a scorpion
  2790 | D:4      | Noticed Zhenya25pyc's ghost (amateur GrFi)
  2855 | D:4      | HP: 1/21 [poisoned by a scorpion]
  2857 | D:4      | Succumbed to a scorpion's poison

Action                   |  1- 3 |  4- 6 || total
-------------------------+-------+-------++-------
Melee: Dagger            |    62 |    23 ||    85
       Unarmed           |     1 |       ||     1
 Cast: Sting             |    72 |    19 ||    91
 Stab: Sleeping          |    12 |     1 ||    13
